 Dungeon Crawl Stone Soup version 0.30-a0-802-gb92711bcdf (webtiles) character file.

Game seed: 11310964729880176984

65384 AzureAlchemist the Slicer (level 15, -2/80 HPs)
             Began as a Vine Stalker Berserker on Feb 22, 2023.
             Was the Champion of Trog.
             Slain by an orc knight
             ... wielding a +2 war axe of draining
              (10 damage)
             ... on level 2 of the Orcish Mines on Feb 23, 2023.
             The game lasted 01:13:15 (16082 turns).

AzureAlchemist the Slicer (Vine Stalker Berserker) Turns: 16082, Time: 01:13:16

Health: -2/80      AC: 13    Str: 23    XL:     15   Next: 16%
Magic:  0/16       EV: 27    Int:  7    God:    Trog [******]
Gold:   750        SH: 10    Dex: 29    Spells: 14/14 levels left

rFire   + . .      SeeInvis .    a - +8 broad axe "Vivvoothrea" {spect, Dex+5}
rCold   + . .      Faith    .    s - +2 buckler
rNeg    . . .      Spirit   +    Y - +3 leather armour {rC+ rF+}
rPois   +          Reflect  .    S - +0 hat {Will+}
rElec   .          Harm     .    k - +2 cloak {rPois}
rCorr   .          Rampage  .    n - +0 pair of gloves
Will    ++...                    A - +0 pair of boots
Stlth   +++++                    w - amulet of regeneration
HPRegen 1.93/turn                R - +6 ring of dexterity
MPRegen 0.15/turn                H - +5 ring of evasion

@: about to teleport
A: fangs 3, regeneration 1, magic shield, antimagic bite, no potion heal 2
a: Renounce Religion, Berserk, Trog's Hand, Brothers in Arms


You were on level 2 of the Orcish Mines.
You worshipped Trog.
Trog was exalted by your worship.
You visited 4 branches of the dungeon, and saw 17 of its levels.
You also visited: Ice Cave.

You collected 2064 gold pieces.
You spent 1314 gold pieces at shops.

Inventory:

Hand Weapons
 a - the +8 broad axe "Vivvoothrea" (weapon) {spect, Dex+5}
   (You bought it in a shop on level 7 of the Dungeon)

   Dex:       It affects your dexterity (+5).
 c - a +1 quick blade of electrocution
 q - a +3 antimagic trident
Missiles
 o - 19 poisoned darts
 C - 4 throwing nets
 D - 3 datura-tipped darts (quivered)
Armour
 k - a +2 cloak of poison resistance (worn)
 n - a +0 pair of gloves (worn)
 s - a +2 buckler (worn)
 x - a +2 robe of willpower
 A - a +0 pair of boots (worn)
 S - a +0 hat of willpower (worn)
 Y - a +3 leather armour of resistance (worn)
Jewellery
 t - a ring of positive energy
 w - an amulet of regeneration (around neck)
 F - a ring of fire
 H - a +5 ring of evasion (right hand)
 R - a +6 ring of dexterity (left hand)
 U - a ring of see invisible
Wands
 h - a wand of light (5)
 z - a wand of flame (33)
 O - a wand of roots (17)
 P - a wand of paralysis (10)
Scrolls
 e - 3 scrolls of fog
 f - a scroll of silence
 g - 5 scrolls of teleportation
 r - 2 scrolls of magic mapping
 v - a scroll of enchant armour
 B - 2 scrolls of noise
 E - a scroll of enchant weapon {unknown}
 G - a scroll of fear {unknown}
 I - a scroll of immolation {unknown}
 J - 2 scrolls of brand weapon
 K - 2 scrolls of torment {unknown}
 L - a scroll of blinking {unknown}
 M - a scroll of identify
 Q - 3 scrolls of poison
Potions
 b - a potion of invisibility
 d - 2 potions of might
 i - 5 potions of curing
 j - 2 potions of flight
 l - 8 potions of mutation
 m - 3 potions of lignification
 p - 2 potions of magic
 u - 5 potions of haste
 N - 2 potions of cancellation
 T - 3 potions of attraction {unknown}
Miscellaneous
 y - a condenser vane
 V - a phial of floods
 X - a lightning rod (4/4)


   Skills:
 - Level 10.0 Fighting
 - Level 10.0 Short Blades
 + Level 7.0 Axes
 - Level 10.0 Armour
 - Level 10.0 Dodging
 - Level 10.0 Stealth
 - Level 7.0 Shields
 - Level 7.5 Evocations


You had 14 spell levels left.
You didn't know any spells.
Your spell library contained the following spells:

 Spells                   Type           Power      Damage    Failure   Level
 Apportation              Tloc           0%         N/A       54%         1
 Shock                    Conj/Air       0%         1d3       54%         1
 Frozen Ramparts          Ice            0%         1d1       89%         3
 Inner Flame              Hex/Fire       0%         N/A       89%         3
 Ozocubu's Armour         Ice            0%         N/A       89%         3
 Stone Arrow              Conj/Erth      0%         3d7       89%         3
 Swiftness                Air            0%         N/A       89%         3
 Tukima's Dance           Hex            0%         N/A       89%         3
 Airstrike                Air            0%         2d(0-16)  100%        4
 Flame Wave               Conj/Fire      0%         2d4       100%        4
 Ice Form                 Ice/Tmut       0%         N/A       100%        4
 Passage of Golubria      Tloc           0%         N/A       100%        4
 Petrify                  Tmut/Erth      0%         N/A       100%        4
 Sticky Flame             Conj/Fire      0%         2d3       100%        4
 Summon Ice Beast         Ice/Summ       0%         N/A       100%        4
 Alistair's Intoxication  Tmut/Pois      0%         N/A       100%        5
 Lee's Rapid Deconstruct  Erth           0%         3d4*      100%        5
 Metabolic Englaciation   Hex/Ice        0%         N/A       100%        5
 Yara's Violent Unravell  Hex/Tmut       0%         3d3       100%        5
 Iron Shot                Conj/Erth      0%         9d1       100%        6
 Statue Form              Tmut/Erth      0%         N/A       100%        6
 Ozocubu's Refrigeration  Ice            0%         4d7       100%        7


Dungeon Overview and Level Annotations

Branches:
Dungeon (9/15)             Temple (0/1) D:7            Lair (5/5) D:8
 Shoals (0/4) Lair:2       Spider (1/4) Lair:2        Slime (0/5) Lair:5
    Orc (2/2) D:9             Elf (0/3) Orc:2         IceCv (visited)

Altars:
Dithmenos
Gozag
Hepliaklqana
Makhleb
Trog
Uskayaw
Vehumet
Wu Jian
Yredelemnul
The Shining One

Shops:
D:5 (([=   D:6 [(((   D:7 (

Annotations:
Spider:1 Nikola


Innate Abilities, Weirdness & Mutations

You have razor-sharp teeth.
Your natural rate of healing is unusually fast.
When hurt, damage is shared between your health and your magic reserves.
Your bite disrupts and absorbs the magic of your enemies.
Potions cannot restore your health.


Message History

You hit the orc knight.
Your +8 broad axe "Vivvoothrea" {spect, Dex+5} hits the orc knight! x2
The orc priest no longer looks unusually strong.
The orc warrior no longer looks unusually strong.
The orc priest calls down the wrath of Beogh upon you.
Beogh smites you! The orc warrior misses you.
You block the orc warrior's attack.
The orc knight hits your +8 broad axe "Vivvoothrea" {spect, Dex+5} with a +2 war axe of draining!!
Your spectral weapon shares its damage with you!
Your +8 broad axe "Vivvoothrea" {spect, Dex+5} fades away.
The orc warrior completely misses you.
The orc knight hits you with a +0 long sword!
The orc warrior misses you.
The orc knight roars a battlecry!
The orcs go into a battle-frenzy!
The orc warrior closely misses you. The orc warrior misses you. x2
Okay, then.
Unknown command.
Okay, then.
Unknown command.
As you read the scroll of teleportation, it crumbles to dust.
You feel strangely unstable.
The orc knight hits you with a +0 long sword!!
* * * LOW HITPOINT WARNING * * *
The orc warrior completely misses you.
An orc priest comes into view. It is wielding a +0 dagger.
The orc priest looks encouraged for a moment.
The orc warrior hits you from afar with a +0 glaive.
* * * LOW HITPOINT WARNING * * *
You block the orc warrior's attack. The orc warrior completely misses you.
Okay, then.
Okay, then.
Okay, then.
Unknown command.
Unknown command.
The orc priest attacks as you move away!
You block the orc priest's attack.
The orc knight attacks as you move away!
The orc knight hits you with a +2 war axe of draining!
You die...

# ### ### #.#.# ##.## ##.##
.....####...###...#
......#........#..###
#..#...........)....###
#.#............#.#).....##
...........))...###......#
.........o).)#.#####....##
........#o@).#####.....##
.......ooooo.# #....###
........o.)..## ##....#####
.......oo.....###......##.#
..............##....^.##...
##.....#############.#.....
....... #........ .....oo
#........ ....... #......#.


You could see 2 orc knights, an orc sorcerer (strong), 4 orc warriors, 3 orc
priests and an orc (strong).

Vanquished Creatures
  Gastronok (Lair:1)
  Agnes (Spider:1)
  A spark wasp (Spider:1)
  An ettin (Orc:2)
  An entropy weaver (Spider:1)
  Harold (D:9)
  5 hydras
  The ghost of sasquatch the Skirmisher, a journeyman GnHu of Gozag (D:9)
  A two-headed ogre (D:9)
  2 ironbound frosthearts (IceCv)
  A catoblepas (Lair:5)
  An orc high priest (Orc:2)
  4 death yaks (IceCv)
  4 skysharks
  2 sun demons (D:9)
  A sixfirhy (D:9)
  2 goliath frogs (Lair:5)
  An orb spider (Spider:1)
  Pikel (D:4)
  An ugly thing (IceCv)
  A wolf spider (Spider:1)
  8 elephants
  A manticore (Lair:2)
  2 black mambas (Lair:5)
  An ice statue (IceCv)
  23 cane toads
  2 rime drakes
  8 komodo dragons
  A spectral unseen horror (D:9)
  An unseen horror zombie (D:9)
  2 ice devils (Lair:3)
  11 polar bears
  A wind drake (Lair:2)
  Grinder (D:6)
  A tyrant leech (Lair:5)
  A troll (Orc:2)
  A tarantella (Spider:1)
  5 dream sheep (Lair:5)
  17 blink frogs
  A culicivora (Spider:1)
  9 jumping spiders (Spider:1)
  A ynoxinul (D:9)
  A wraith (D:9)
  Eustachio (D:5)
  3 basilisks
  49 yaks
  2 wyverns
  6 redbacks (Spider:1)
  3 neqoxecs (D:9)
  Menkaure (D:7)
  5 vampire mosquitoes (Lair:5)
  Edmund (D:4)
  3 wargs (Orc:1)
  Duvessa (D:4)
  13 water moccasins
  3 ice beasts
  2 sky beasts
  A swamp drake (D:9)
  7 ogres
  3 black bears (Lair:2)
  11 orc warriors
  A phantom (D:4)
  42 wolves
  3 centaurs (D:7)
  2 kobold brigands
  A wyvern zombie (D:9)
  25 bullfrogs
  4 scorpions
  Dowan (D:4)
  8 wights (D:8)
  6 killer bees (D:8)
  2 electric eels
  2 howler monkeys (D:8)
  A crimson imp (D:4)
  A gnoll bouda (D:8)
  3 hounds
  2 jellies
  5 quasits (D:9)
  10 orc priests
  Crazy Yiuf (D:2)
  A centaur skeleton (D:9)
  2 iguanas
  14 orc wizards
  Natasha (thrice) (D:2)
  5 adders
  4 gnolls (D:8)
  A howler monkey skeleton (D:9)
  A white imp (D:6)
  An ufetubus (D:5)
  2 worms (D:3)
  A dart slug (D:1)
  57 orcs
  4 endoplasms
  2 giant cockroaches
  12 goblins
  4 hobgoblins
  8 jackals
  17 kobolds
  4 quokkas
  8 ball pythons
  8 bats
  5 frilled lizards
  3 rats
535 creatures vanquished.

Vanquished Creatures (collateral kills)
  A bullfrog (Lair:3)
1 creature vanquished.

Vanquished Creatures (others)
  7 demonic plants (D:9)
  31 fungi
  82 plants
120 creatures vanquished.

Grand Total: 656 creatures vanquished

Notes
Turn   | Place    | Note
-------+----------+-------------------------------------------
     0 | D:1      | AzureAlchemist the Vine Stalker Berserker began the quest
                  | for the Orb.
     0 | D:1      | Reached XP level 1. HP: 11/11 MP: 2/2
   148 | D:1      | Reached XP level 2. HP: 16/16 MP: 3/3
   430 | D:1      | Reached XP level 3. HP: 16/19 MP: 4/4
   513 | D:1      | Reached ** piety under Trog
   953 | D:2      | Gained mutation: Your natural rate of healing is unusually
                  | fast. [Vine Stalker growth]
   953 | D:2      | Reached XP level 4. HP: 20/23 MP: 3/5
  1196 | D:2      | Found a hazy altar of Hepliaklqana.
  1479 | D:2      | Noticed Natasha
  1491 | D:2      | Killed Natasha
  1548 | D:2      | Identified the +1 hammer of Sirghok {drain, rElec rF+ Will+
                  | Str-2}
  1550 | D:2      | Found a runed translucent door.
  1551 | D:2      | Noticed Crazy Yiuf
  1561 | D:2      | Killed Crazy Yiuf
  1562 | D:2      | Reached skill level 5 in Short Blades
  1562 | D:2      | Reached XP level 5. HP: 27/27 MP: 6/6
  1615 | D:2      | Identified the +2 hammer "Hydraslayer" {speed, rN+ Dex+2}
  1665 | D:2      | Noticed Natasha
  1672 | D:2      | Killed Natasha
  1735 | D:2      | Noticed Natasha
  1743 | D:2      | Killed Natasha
  1802 | D:3      | Reached skill level 1 in Shields
  1968 | D:3      | Found an ornate altar of the Wu Jian Council.
  2011 | D:3      | Reached XP level 6. HP: 32/32 MP: 7/7
  2516 | D:4      | Noticed Pikel
  2540 | D:4      | Killed Pikel
  2541 | D:4      | Reached XP level 7. HP: 29/37 MP: 8/8
  2696 | D:4      | Noticed Duvessa
  2696 | D:4      | Noticed Dowan
  2698 | D:4      | Noticed Edmund
  2708 | D:4      | Killed Duvessa
  2709 | D:4      | Gained mutation: You have razor-sharp teeth. [Vine Stalker
                  | growth]
  2709 | D:4      | Reached XP level 8. HP: 32/42 MP: 5/9
  2724 | D:4      | Killed Dowan
  2733 | D:4      | Killed Edmund
  2734 | D:4      | Reached skill level 5 in Fighting
  3145 | D:4      | Found a burning altar of Makhleb.
  3145 | D:4      | Found a radiant altar of Vehumet.
  3149 | D:4      | Reached *** piety under Trog
  3206 | D:5      | Entered Level 5 of the Dungeon
  3244 | D:5      | Found Unuuw's Weapon Boutique.
  3310 | D:5      | Found Qobryw's Antique Weapon Shop.
  3482 | D:5      | Noticed Eustachio
  3513 | D:5      | Killed Eustachio
  3632 | D:5      | Found Miczudgh's Jewellery Emporium.
  3806 | D:5      | Found Pikav's Antique Armour Shoppe.
  3811 | D:5      | Bought a bronze scale mail for 234 gold pieces
  3811 | D:5      | Identified the +0 scale mail of Sisea {Str+5} (You bought
                  | it in a shop on level 5 of the Dungeon)
  4165 | D:6      | Found Goek's Armour Shop.
  4182 | D:6      | Reached XP level 9. HP: 47/47 MP: 10/10
  4233 | D:6      | Found Coajasak's Weapon Shop.
  4243 | D:6      | Found Zipruv's Weapon Shoppe.
  4386 | D:6      | Reached skill level 5 in Shields
  4478 | D:6      | Noticed Grinder
  4487 | D:6      | Killed Grinder
  4488 | D:6      | Reached skill level 5 in Armour
  4514 | D:6      | Found Ilagakk's Antique Weapon Shoppe.
  4870 | D:7      | Found a staircase to the Ecumenical Temple.
  4970 | D:7      | Found an opulent altar of Gozag.
  5014 | D:7      | Noticed Menkaure
  5019 | D:7      | Found Fiq Tauw's Weapon Emporium.
  5025 | D:7      | Killed Menkaure
  5164 | D:7      | Reached **** piety under Trog
  5462 | D:8      | Reached XP level 10. HP: 53/53 MP: 11/11
  5774 | D:8      | Found a staircase to the Lair.
  6075 | Lair:1   | Entered Level 1 of the Lair of Beasts
  6102 | Lair:1   | Noticed a cane toad
  6135 | Lair:1   | Killed a cane toad
  6225 | Lair:1   | Noticed a cane toad
  6236 | Lair:1   | Noticed a cane toad
  6248 | Lair:1   | Killed a cane toad
  6254 | Lair:1   | Killed a cane toad
  6578 | Lair:1   | Noticed a cane toad
  6588 | Lair:1   | Killed a cane toad
  6656 | Lair:1   | Reached ***** piety under Trog
  6673 | Lair:1   | Reached XP level 11. HP: 53/58 MP: 12/12
  6688 | Lair:1   | Noticed Gastronok
  6707 | Lair:1   | Killed Gastronok
  6708 | Lair:1   | Reached skill level 10 in Short Blades
  7677 | Lair:2   | Found a staircase to the Shoals.
  7677 | Lair:2   | Noticed a manticore
  7701 | Lair:2   | Killed a manticore
  7815 | Lair:2   | Found a hole to the Spider Nest.
  8675 | Lair:3   | Identified a scroll of acquirement
  8675 | Lair:3   | Acquired a +1 quick blade of electrocution
  8786 | Lair:3   | Found a frozen archway.
  8845 | IceCv    | Entered an ice cave
  8936 | IceCv    | Reached skill level 5 in Dodging
  9142 | IceCv    | Reached XP level 12. HP: 64/64 MP: 13/13
  9513 | IceCv    | Noticed a death yak
  9513 | IceCv    | Noticed an ironbound frostheart
  9513 | IceCv    | Noticed a death yak
  9550 | IceCv    | Killed an ironbound frostheart
  9580 | IceCv    | Noticed an ironbound frostheart
  9590 | IceCv    | Killed an ironbound frostheart
  9659 | IceCv    | Noticed a death yak
  9659 | IceCv    | Noticed a death yak
  9700 | IceCv    | Killed a death yak
  9708 | IceCv    | Killed a death yak
  9716 | IceCv    | Killed a death yak
  9718 | IceCv    | Received a gift from Trog
  9722 | IceCv    | Killed a death yak
 10228 | Lair:3   | Reached XP level 13. HP: 70/70 MP: 14/14
 10986 | Lair:3   | Reached skill level 10 in Fighting
 11656 | Lair:4   | Reached skill level 10 in Dodging
 11661 | Lair:4   | Reached skill level 10 in Armour
 11864 | Lair:4   | Reached skill level 1 in Stealth
 12140 | Lair:5   | Entered Level 5 of the Lair of Beasts
 12254 | Lair:5   | Reached skill level 5 in Stealth
 12309 | Lair:5   | Found a staircase to the Slime Pits.
 12430 | Lair:5   | Reached XP level 14. HP: 28/77 MP: 15/15
 12564 | Lair:5   | Reached skill level 10 in Stealth
 12572 | Lair:5   | Reached skill level 1 in Evocations
 12918 | Lair:5   | Reached ****** piety under Trog
 12919 | Lair:5   | Reached skill level 5 in Evocations
 13567 | Spider:1 | Entered Level 1 of the Spider Nest
 13690 | Spider:1 | Noticed Agnes
 13719 | Spider:1 | Killed Agnes
 13766 | Spider:1 | Upgraded the game from 0.30-a0-800-g7c544603b3 to
                  | 0.30-a0-802-gb92711bcdf
 13866 | D:7      | Bought the +8 broad axe "Vivvoothrea" {spect, Dex+5} for
                  | 1080 gold pieces
 14031 | Spider:1 | Reached skill level 1 in Axes
 14169 | Spider:1 | Noticed Nikola
 14296 | D:9      | Received a gift from Trog
 14377 | D:9      | Noticed sasquatch's ghost (journeyman GnHu)
 14384 | D:9      | Found a runed translucent door.
 14685 | D:9      | Identified the +0 leather armour "Migrown" {Drain Regen+
                  | Stlth+}
 14947 | D:9      | Noticed Harold
 14957 | D:9      | Killed Harold
 14958 | D:9      | Reached skill level 5 in Axes
 14958 | D:9      | Reached XP level 15. HP: 80/80 MP: 14/16
 15043 | D:9      | Found a staircase to the Orcish Mines.
 15240 | D:9      | Found a glowing golden altar of the Shining One.
 15240 | D:9      | Found a bloodstained altar of Trog.
 15247 | D:9      | Found a basalt altar of Yredelemnul.
 15249 | D:9      | Found a hide-covered altar of Uskayaw.
 15251 | D:9      | Found a shadowy altar of Dithmenos.
 15331 | D:9      | Killed sasquatch's ghost
 15340 | D:9      | Got the Catalogue of Untold Secrets
 15487 | Orc:1    | Entered Level 1 of the Orcish Mines
 15885 | Orc:2    | Entered Level 2 of the Orcish Mines
 15899 | Orc:2    | Found a staircase to the Elven Halls.
 16040 | Orc:2    | Identified the +7 battleaxe of Joinut {flame, rPois rN+
                  | rCorr Int-2} (Trog gifted it to you on level 2 of the
                  | Orcish Mines)
 16040 | Orc:2    | Received a gift from Trog
 16082 | Orc:2    | Slain by an orc knight

Illustrated notes

Levels and vault maps discovered:
D:1:      lemuel_arrival_muddy, layout_loops_ring
D:2:      layout_basic, basic_altar, uniq_crazy_yiuf_cottage, uniq_natasha
D:3:      layout_rooms, nicolae_wu_jian_wuxing_cycle, minmay_surrounded
D:4:      layout_basic, grunt_temple_overflow_lords_of_destruction, uniq_pikel,
          uniq_duvessa, uniq_edmund
D:5:      layout_basic, serial_shops, nicolae_shop_window_shopping,
          nicolae_shop_trees, shop, nicolae_shop_hallway_plus, uniq_eustachio
D:6:      layout_basic, serial_shops, shop, nicolae_shop_waterfront, shop,
          nicolae_shop_stone, kennysheep_opposing_triangles, uniq_grinder
D:7:      layout_basic, nicolae_gozag_seed_capital,
          minmay_temple_entry_overgrown, serial_shops, shop, uniq_menkaure
D:8:      layout_rooms, grunt_lair_entry_orc_guard_hut
D:9:      layout_long_grid, chequers_temple_overflow_minitemple, erik_orc_1,
          serial_demonic, serial_demonic_e, serial_demonic_g, serial_demonic_a,
          serial_demonic_c, serial_demonic_d, hellmonk_ghost_big_iron,
          hangedman_weighted_door, uniq_harold
Lair:1:   layout_chaotic_city, chequers_serial_rivers_micro_c,
          wad_woods_river_04, lemuel_fruit_tree, uniq_gastronok
Lair:2:   layout_layer_cave, minmay_shoals_entry_beasts,
          spider_nest_entry_web_field, gammafunk_lair_bear_cave
Lair:3:   layout_layer_cave, portal_ice_cave_demonic_guard, beast_lair_carwin_10
Lair:4:   layout_concentric_octagons
Lair:5:   minmay_lair_end_frog_pond, layout_misc_corridors,
          dpeg_slime_entry_corner, small_statue_intersection, minivault_23
Spider:1: nicolae_spider_corner, guppyfry_spider_mini_3, uniq_agnes, uniq_nikola
Orc:1:    layout_diamond_mine
Orc:2:    st_orc_congregation, layout_caves, basic_altar, mines2_david

Skill      XL: |  1  2  3  4  5  6  7  8  9 10 11 12 13 14 15 |
---------------+----------------------------------------------+-----
Short Blades   | 3 4 5 6 7 9 10 | 10.0
Fighting       | 3 4 5 6 7 8 9 10 | 10.0
Armour         | 2 3 4 5 6 7 9 10 | 10.0
Shields        | 1 3 4 5 7 |  7.0
Dodging        | 5 8 10 | 10.0
Stealth        | 8 10 | 10.0
Evocations     | 7 |  7.5
Axes           | 5 7 |  7.0

Action                     |  1- 3 |  4- 6 |  7- 9 | 10-12 | 13-15 || total
---------------------------+-------+-------+-------+-------+-------++-------
  Melee: Short sword       |   113 |    39 |    73 |    27 |       ||   252
         Bite              |    29 |    31 |    99 |   306 |   466 ||   931
         Mace              |       |    86 |    43 |    37 |       ||   166
         Dagger            |       |       |   146 |   127 |     6 ||   279
         Scimitar          |       |       |       |   212 |       ||   212
         Quick blade       |       |       |       |   351 |   937 ||  1288
         Broad axe         |       |       |       |       |   141 ||   141
  Throw: Dart              |       |       |       |     2 |     3 ||     5
 Invoke: Berserk           |       |     3 |     1 |     6 |     8 ||    18
         Trog's Hand       |       |       |       |       |     1 ||     1
  Evoke: Wand              |       |       |       |       |     6 ||     6
    Use: Scroll            |       |       |     7 |     9 |     8 ||    24
   Stab: Distracted        |       |       |       |     3 |     4 ||     7
         Sleeping          |       |       |       |       |     5 ||     5
         Paralysed         |       |       |       |       |     3 ||     3
 Armour: Ring mail         |    31 |    25 |    24 |       |       ||    80
         Scale mail        |       |       |    34 |    85 |       ||   119
         Robe              |       |       |       |    40 |       ||    40
         Leather armour    |       |       |       |     4 |    96 ||   100
  Dodge: Dodged            |    64 |    59 |    62 |   310 |   499 ||   994
  Block: Buckler           |       |    10 |    45 |   189 |   277 ||   521

Table legend: (Time is in decaauts)
 A = Elapsed time spent in this place.
 B = Non-inter-level travel time spent in this place.
 C = Inter-level travel time spent in this place.
 D = Time resting spent in this place.
 E = Time spent auto-exploring this place.
 F = Levels seen in this place.
 G = Mean time per level.
                   A        B        C        D        E       F      G
               +--------+--------+--------+--------+--------+-----+--------+
         Total |  15354 |  14549 |    805 |   1041 |   9192 |  18 |  853.0 |
       Dungeon |   7281 |   6977 |    304 |    306 |   5065 |   9 |  809.0 |
          Lair |   5962 |   5566 |    396 |    411 |   3531 |   5 | 1192.4 |
   Spider Nest |    458 |    396 |     62 |     64 |     91 |   1 |  458.0 |
  Orcish Mines |    610 |    569 |     41 |      0 |    428 |   2 |  305.0 |
      Ice Cave |   1041 |   1041 |      0 |    258 |     76 |   1 | 1041.0 |
               +--------+--------+--------+--------+--------+-----+--------+

Top non-repeatable levels by time:
  Lair:3: 1459 daAuts
  Lair:2: 1458 daAuts
     D:9: 1271 daAuts
  Lair:1: 1135 daAuts
  Lair:5: 1080 daAuts
   IceCv: 1041 daAuts
     D:2: 948 daAuts
     D:5: 941 daAuts
     D:4: 916 daAuts
     D:1: 840 daAuts
  Lair:4: 828 daAuts
     D:6: 652 daAuts
     D:8: 650 daAuts
     D:7: 581 daAuts
     D:3: 480 daAuts
